 Dungeon Crawl Stone Soup version 0.28-a0-1435-g82390b3a13 (webtiles) character file.

Game seed: 11304389643712660075

2236318 ryw the Conqueror (level 27, 224/224 HPs)
             Began as a Demonspawn Fighter on Jan 7, 2022.
             Was the Champion of Hepliaklqana.
             Escaped with the Orb
             ... and 4 runes on Jan 10, 2022!
             The game lasted 04:31:25 (77808 turns).

ryw the Conqueror (Demonspawn Fighter)             Turns: 77808, Time: 04:31:26

Health: 224/224    AC: 40    Str: 27      XL:     27
Magic:  33/33      EV: 14    Int: 15 (17) God:    Hepliaklqana [******]
Gold:   10595      SH: 21    Dex: 16      Spells: 35/45 levels left

rFire   + + .      SeeInvis +   a - +8 demon blade "Leech" {vamp, Harm Drain rN+}
rCold   + . .      Faith    .   w - +2 tower shield {reflect}
rNeg    + . .      Spirit   +   p - +7 chain mail "Hufom" {rPois SInv}
rPois   +          Reflect  +   n - +2 hat of the Bear Spirit {Spirit, *Rage Will++}
rElec   .          Harm     +   (cloak unavailable)
rCorr   +          Rampage  +   j - +1 pair of gloves {infuse}
Will    ++++.      Rage     21% q - +0 pair of boots "Ekhlus" {rF+ rC+ Int+4 Stlth+}
Stlth   ..........              G - amulet "Timanaru" {Rampage rF+ Regen+ Dex+3}
HPRegen 1.27/turn               l - +4 ring of slaying
MPRegen 0.23/turn               S - ring of the Tortoise {AC+8}

@: studying 3 skills
A: reduced essence, yellow scales 3, demonic guardian 3, ignite blood 3,
augmentation 3, weakness stinger 3, antennae 1, fangs 1, camouflage 1, berserk
1, deterioration 1, low mp 1, mutation resistance 1
0: Orb of Zot
}: 4/15 runes: barnacled, slimy, silver, gossamer
a: Renounce Religion, Recall Ancestor, Ancestor Identity, Transference, Idealise


You escaped.
You worshipped Hepliaklqana.
Hepliaklqana was exalted by your worship.
You visited 11 branches of the dungeon, and saw 56 of its levels.
You also visited: Sewer, Bailey, Gauntlet and Ice Cave.

You collected 13021 gold pieces.
You spent 2426 gold pieces at shops.

Inventory:

Hand Weapons
 a - the +8 demon blade "Leech" (weapon) {vamp, Harm Drain rN+}
   (You took it off a deep elf death mage on level 3 of the Elven Halls)

   It heals its wielder for a portion of the damage dealt every time it strikes
   a living foe.
   rN:        It protects you from negative energy.
   Drain:     It drains your maximum health when unequipped.
   Harm:      It increases damage dealt and taken.
 b - the +8 hunting sling of Precise Incision {freeze, rPois rC- rN++}
   (You found it on level 5 of the Pits of Slime)

   Any ammunition fired from it freezes those it strikes, dealing additional
   cold damage.
   It can also slow down cold-blooded creatures.
   rC:        It makes you vulnerable to cold.
   rPois:     It protects you from poison.
   rN:        It greatly protects you from negative energy.
 K - the +8 frozen axe "Frostbite" {freezing cloud, *Noise Fly rC+}
   (You took it off an ironbound convoker on level 5 of the Vaults)

   It freezes those it strikes, dealing additional cold damage.
   It can also slow down cold-blooded creatures.
   It occasionally leaves clouds of freezing vapour upon striking a foe.
   It grants immunity to clouds of freezing vapour.
   rC:        It protects you from cold.
   Fly:       It grants you flight.
   *Noise:    It may make noises in combat.
 T - the +8 eveningstar "Qyippuy" {vorpal, *Rage Will+ MP+9 Int+2 SInv}
   (You took it off a deep elf sorcerer on level 3 of the Elven Halls)

   It inflicts extra damage upon your enemies.
   Int:       It affects your intelligence (+2).
   MP:        It affects your magic capacity (+9).
   SInv:      It lets you see invisible.
   *Rage:     It berserks you when you make melee attacks (+20% chance).
   Will:      It increases your willpower.
 W - the +9 dagger of Classification {vamp, Fly rF+++ Str-2 Dex+4}
   (You found it on level 2 of the Lair of Beasts)

   It occasionally heals its wielder for a portion of the damage dealt when it
   wounds a living foe.
   Str:       It affects your strength (-2).
   Dex:       It affects your dexterity (+4).
   rF:        It renders you almost immune to fire.
   Fly:       It grants you flight.
Missiles
 D - 2505 stones (quivered)
 N - 485 sling bullets
Armour
 j - a +1 pair of gloves of infusion (worn)
 n - the +2 hat of the Bear Spirit (worn) {Spirit, *Rage Will++}
   (You bought it in a shop on level 1 of the Vaults)

   Going berserk makes the wearer tougher, and they're slowed less afterward.
   *Rage:     It berserks you when you make melee attacks (+20% chance).
   Will:      It greatly increases your willpower.
 p - the +7 chain mail "Hufom" (worn) {rPois SInv}
   (You found it on level 5 of the Dungeon)

   rPois:     It protects you from poison.
   SInv:      It lets you see invisible.
 q - the +0 pair of boots "Ekhlus" (worn) {rF+ rC+ Int+4 Stlth+}
   (You found it on level 3 of the Depths)

   Int:       It affects your intelligence (+4).
   rF:        It protects you from fire.
   rC:        It protects you from cold.
   Stlth:     It makes you more stealthy.
 r - the +7 scale mail of the Devil's Advocate {rF+ Str+2 Int-3}
   (You found it on level 1 of the Realm of Zot)

   Str:       It affects your strength (+2).
   Int:       It affects your intelligence (-3).
   rF:        It protects you from fire.
 s - the +0 pair of gloves of Wuxax {rCorr Dex+4}
   (You found it on level 5 of the Realm of Zot)

   Dex:       It affects your dexterity (+4).
   rCorr:     It protects you from acid and corrosion.
 w - a +2 tower shield of reflection (worn)
 H - the +3 tower shield of the Desert {Str+5 Dex+2}
   (You bought it in a shop on level 11 of the Dungeon)

   Str:       It affects your strength (+5).
   Dex:       It affects your dexterity (+2).
Jewellery
 d - the ring "Rioth" {rPois rC- Int+6 Dex+4 Slay+2}
   (You bought it in a shop on level 1 of the Depths)

   [ring of intelligence]

   Int:       It affects your intelligence (+6).
   Dex:       It affects your dexterity (+4).
   Slay:      It affects your accuracy & damage with ranged weapons and melee
   (+2).
   rC:        It makes you vulnerable to cold.
   rPois:     It protects you from poison.
 l - a +4 ring of slaying (left hand)
 G - the amulet "Timanaru" (around neck) {Rampage rF+ Regen+ Dex+3}
   (You found it on level 5 of the Vaults)

   [amulet of regeneration]

   Dex:       It affects your dexterity (+3).
   rF:        It protects you from fire.
   Regen:     It increases your rate of health regeneration.
   Rampage:   It bestows one free step when moving towards enemies.
 S - the ring of the Tortoise (right hand) {AC+8}
   (You found it on level 9 of the Dungeon)

   [ring of protection]

   AC:        It affects your AC (+8).
Wands
 e - a wand of flame (14)
 A - a wand of paralysis (33)
 F - a wand of mindburst (26)
 P - a wand of iceblast (34)
 R - a wand of polymorph (22)
Scrolls
 c - a scroll of blinking
 f - 27 scrolls of teleportation
 i - a scroll of amnesia
 m - 3 scrolls of silence
 o - 8 scrolls of fog
 z - 15 scrolls of fear
 B - 16 scrolls of identify
 E - 7 scrolls of magic mapping
 J - 2 scrolls of enchant weapon
 Z - 2 scrolls of enchant armour
Potions
 g - 6 potions of resistance
 k - 34 potions of curing
 t - 3 potions of heal wounds
 u - 4 potions of berserk rage
 v - 15 potions of lignification
 x - 3 potions of ambrosia
 C - 5 potions of cancellation
 I - 4 potions of flight
 Q - 4 potions of haste
 U - a potion of invisibility
 V - 4 potions of attraction
 X - 2 potions of might
 Y - 7 potions of mutation
Miscellaneous
 h - a box of beasts
 y - a piece from Xom's chessboard (15/15)
 L - a condenser vane
 O - a lightning rod (4/4)


   Skills:
 O Level 27 Fighting
 - Level 4.1(10.0) Short Blades
 - Level 14.0(14.2) Long Blades
 - Level 1.7 Axes
 - Level 11.8(12.0) Slings
 - Level 2.9(8.1) Throwing
 + Level 18.5 Armour
 + Level 13.9 Dodging
 - Level 15.0 Shields
 + Level 9.8 Spellcasting
 * Level 18.9 Hexes
 + Level 13.4 Earth Magic
 - Level 8.0 Invocations
 - Level 10.0 Evocations


You had 35 spell levels left.
You knew the following spells:

 Your Spells              Type           Power      Damage    Failure   Level
a - Ensorcelled Hibernat  Hex/Ice        100%       N/A       3%          2
b - Leda's Liquefaction   Hex/Erth       44%        N/A       1%          4
c - Cause Fear            Hex            48%        N/A       1%          4

Your spell library contained the following spells:

 Spells                   Type           Power      Damage    Failure   Level
 Sandblast                Erth           100%       2d20      1%          1
 Confusing Touch          Hex            96%        N/A       1%          3
 Tukima's Dance           Hex            96%        N/A       1%          3
 Dazzling Flash           Conj/Hex       100%       N/A       7%          3
 Inner Flame              Hex/Fire       68%        N/A       7%          3
 Portal Projectile        Hex/Tloc       100%       N/A       7%          3
 Summon Guardian Golem    Hex/Summ       68%        N/A       7%          3
 Passwall                 Tmut/Erth      47%        N/A       11%         2
 Lee's Rapid Deconstruct  Erth           40%        3d21*     13%         5
 Stone Arrow              Conj/Erth      100%       3d13      22%         3
 Fulminant Prism          Conj/Hex       34%        3d16      24%         4
 Enfeeble                 Hex            48%        N/A       38%         7
 Metabolic Englaciation   Hex/Ice        34%        N/A       54%         5
 Summon Mana Viper        Hex/Summ       68%        N/A       54%         5
 Yara's Violent Unravell  Hex/Tmut       34%        3d14      54%         5
 Animate Armour           Summ/Erth      100%       N/A       58%         4
 Petrify                  Tmut/Erth      57%        N/A       58%         4
 Animate Skeleton         Necr           32%        N/A       75%         1
 Foxfire                  Conj/Fire      64%        2x1d7     75%         1
 Magic Dart               Conj           64%        1d6       75%         1
 Pain                     Necr           64%        1d7       75%         1
 Shock                    Conj/Air       64%        1d7       75%         1
 Sting                    Tmut/Pois      64%        1d6       75%         1
 Blink                    Tloc           32%        N/A       86%         2
 Corpse Rot               Necr/Air       32%        N/A       86%         2
 Poisonous Vapours        Pois/Air       32%        N/A       86%         2
 Scorch                   Fire           32%        2d6       86%         2
 Searing Ray              Conj           32%        2d5       86%         2
 Static Discharge         Conj/Air       16%        N/A       86%         2
 Sublimation of Blood     Necr           16%        N/A       86%         2
 Wereblood                Tmut           16%        N/A       86%         2
 Borgnjor's Vile Clutch   Necr/Erth      28%        N/A       90%         5
 Discord                  Hex            48%        N/A       97%         8
 Conjure Flame            Conj/Fire      16%        6-21      98%         3
 Frozen Ramparts          Ice            32%        1d5       98%         3
 Gell's Gravitas          Tloc           16%        N/A       98%         3
 Lesser Beckoning         Tloc           16%        N/A       98%         3
 Ozocubu's Armour         Ice            16%        N/A       98%         3
 Spider Form              Tmut/Pois      16%        N/A       98%         3
 Swiftness                Air            16%        N/A       98%         3
 Teleport Other           Tloc           16%        N/A       98%         3
 Vampiric Draining        Necr           16%        2d7       98%         3
 Airstrike                Air            8%         N/A       100%        4
 Animate Dead             Necr           8%         N/A       100%        4
 Dispel Undead            Necr           16%        3d10      100%        4
 Flame Wave               Conj/Fire      16%        2d5       100%        4
 Hailstorm                Conj/Ice       16%        3d6       100%        4
 Ice Form                 Ice/Tmut       16%        N/A       100%        4
 Iskenderun's Mystic Bla  Conj/Tloc      16%        2d5       100%        4
 Olgreb's Toxic Radiance  Pois           16%        N/A       100%        4
 Sticky Flame             Conj/Fire      16%        2d4       100%        4
 Summon Ice Beast         Ice/Summ       16%        N/A       100%        4
 Summon Lightning Spire   Summ/Air       16%        N/A       100%        4
 Agony                    Necr           16%        N/A       100%        5
 Alistair's Intoxication  Tmut/Pois      10%        N/A       100%        5
 Blade Hands              Tmut           8%         N/A       100%        5
 Excruciating Wounds      Necr           8%         N/A       100%        5
 Fireball                 Conj/Fire      8%         3d6       100%        5
 Freezing Cloud           Conj/Ice/Air   8%         6-21      100%        5
 Irradiate                Conj/Tmut      8%         3d16      100%        5
 Iskenderun's Battlesphe  Conj           16%        2d7       100%        5
 Lightning Bolt           Conj/Air       8%         1d20      100%        5
 Manifold Assault         Tloc           16%        N/A       100%        5
 Summon Forest            Summ/Tloc      8%         N/A       100%        5
 Conjure Ball Lightning   Conj/Air       8%         3x3d6     100%        6
 Death Channel            Necr           8%         N/A       100%        6
 Eringya's Noxious Bog    Tmut/Pois      8%         N/A       100%        6
 Iron Shot                Conj/Erth      28%        9d6       100%        6
 Simulacrum               Ice/Necr       8%         N/A       100%        6
 Starburst                Conj/Fire      8%         6d4       100%        6
 Statue Form              Tmut/Erth      38%        N/A       100%        6
 Summon Cactus Giant      Summ           8%         N/A       100%        6
 Dragon Form              Tmut           8%         N/A       100%        7
 Haunt                    Necr/Summ      8%         N/A       100%        7
 Malign Gateway           Summ/Tloc      8%         N/A       100%        7
 Orb of Destruction       Conj           8%         9d4       100%        7
 Spellforged Servitor     Conj/Summ      8%         N/A       100%        7
 Storm Form               Tmut/Air       8%         N/A       100%        7
 Summon Hydra             Summ           8%         N/A       100%        7
 Disjunction              Tloc           8%         N/A       100%        8
 Lehudib's Crystal Spear  Conj/Erth      28%        10d8      100%        8
 Maxwell's Capacitive Co  Air            8%         ∞         100%        8
 Necromutation            Tmut/Necr      8%         N/A       100%        8
 Summon Horrible Things   Summ           8%         N/A       100%        8
 Dragon's Call            Summ           8%         N/A       100%        9
 Polar Vortex             Ice            8%         N/A       100%        9


Dungeon Overview and Level Annotations

Branches:
Dungeon (15/15)            Temple (0/1) D:5            Lair (6/6) D:8
 Shoals (4/4) Lair:2       Spider (4/4) Lair:3        Slime (5/5) Lair:6
    Orc (2/2) D:9             Elf (3/3) Orc:2        Vaults (5/5) D:13
  Crypt (3/3) Vaults:3       Tomb (0/3) Crypt:3      Depths (4/4) D:15
    Zot (5/5) Depths:4      Sewer (visited)          Bailey (visited)
  IceCv (visited)         Gauntlet (visited)

Altars:
Ashenzari
Cheibriados
Dithmenos
Hepliaklqana
Makhleb
Nemelex Xobeh
Okawaru
Yredelemnul
Zin
Beogh
Jiyva

Shops:
D:3 !   D:4 =   D:9 (   D:11 *   Orc:2 *((   Elf:1 (   Shoals:1 *   Vaults:1 [
Depths:1 *

Portals:
Hell: Depths:1 Depths:2 Depths:3 Depths:4
Abyss: Depths:3 Depths:4
Pandemonium: Depths:2 Depths:3
Ziggurat: Depths:4

Annotations:
Vaults:3 2 transporters, Wetuzyl's ghost, veteran DrFi
Crypt:2 2 runed translucent doors, Uroast's ghost, veteran MiGl


Innate Abilities, Weirdness & Mutations

Your life essence is reduced to manifest your ancestor. (-10% HP)
You are completely covered in yellow scales. (AC +4, rCorr)
A powerful demonic guardian rushes to your aid.
Your demonic aura causes all spilled blood to erupt in flames.
Your magical and physical power is greatly enhanced at high health.
You have a sharp stinger which inflicts weakening toxins.
You have a pair of small antennae on your head.
You have very sharp teeth.
Your skin changes colour to match your surroundings (Stealth+).
You tend to lose your temper in combat.
Your body sometimes deteriorates upon taking damage.
Your magical capacity is low. (-10% MP)
You are somewhat resistant to further mutation.


Message History

Unknown command.
You open the demonic crawler like a pillowcase!!!
You kill the demonic crawler!
You start resting.
Agathoclea emerges from the mists of memory!
You climb upwards.
There is a stone staircase leading down here.
You recover from your berserk rage.
A Tzitzimitl comes into view.
There is a stone staircase leading up here.
You climb upwards.
There is a stone staircase leading down here.
You swap places.
Magic restored.
There is a stone staircase leading up, spattered with blood here.
You climb upwards.
There is a stone staircase leading down here.
There is a stone staircase leading up here.
You climb upwards.
Found a scroll of enchant weapon and a scroll of torment.
There is a stone staircase leading down here.
Unknown command.
You climb downwards.
There is a stone staircase leading up here.
There is a stone staircase leading up here.
You climb upwards.
There is a stone staircase leading down here.
There is a large open door here.
There is a large open door here.
A Brimstone Fiend comes into view.
There is an open door here.
There is a stone staircase leading up here.
You climb upwards.
There is a stone staircase leading down here.
An orange demon comes into view.
You can't go up here!
A cacodemon comes into view.
The cacodemon shouts!
There is a staircase leading out of the dungeon here.
You have escaped!

#.# #.# #.########## #.# #.# #.#
#.# #.# #.# ###.########.# #.#
### #............########.# #..
#.#.########(.........# #.# #.#.#
#..################.# ##.#.#
#############..........
.....######...2.@2.4..#########.#
######..........R..........######
##............#...#............##
......#...#...#...#.4.#...#......
......#...#...#.>.#...#...#......
..#...#...#...#...#...#...#...#..
..#...#...##.#######.##...#...#..
..#...#...#### ####...#...#..
..#...#...# #...#...#..


You could see the friendly Agathoclea the battlemage, a cacodemon, a reaper and
2 orange demons.

Vanquished Creatures
  the Royal Jelly (Slime:5)
  2 dread liches
  5 orbs of fire
  4 ancient liches
  Mara (Vaults:5)
  2 juggernauts
  Sojobo (Vaults:3)
  2 Killer Klowns (Zot:5)
  A curse toe (Zot:2)
  8 golden dragons
  A Brimstone Fiend (Depths:2)
  An electric golem (Zot:5)
  Jorgrun (D:12)
  Asterion (Spider:2)
  19 Orb Guardians (Zot:5)
  6 titans
  9 tentacled monstrosities
  2 deep elf master archers (Elf:3)
  3 liches
  3 deep elf blademasters
  A walking frostbound tome (Depths:3)
  2 ancient champions
  4 quicksilver dragons
  6 death cobs
  8 sphinxes
  A thorn hunter (D:13)
  24 acid blobs
  Gastronok (Lair:2)
  6 shadow dragons
  13 fire giants
  5 tengu reavers
  10 storm dragons
  3 daevas (Depths:1)
  4 draconian monks
  7 rockslimes
  14 vault wardens
  13 azure jellies
  15 frost giants
  9 draconian knights
  2 revenants
  6 deep elf sorcerers (Elf:3)
  A draconian scorcher (Zot:1)
  2 iron dragons
  A curse skull (Crypt:3)
  6 emperor scorpions
  3 angels (Depths:1)
  A balrug (Gauntlet)
  2 caustic shrike zombies
  3 orc warlords (Vaults:1)
  2 draconian shifters
  11 ghost moths
  A demonspawn corrupter (Depths:3)
  4 draconian stormcallers
  3 deep elf elementalists
  33 very ugly things
  2 broodmothers (Spider:1)
  2 draconian annihilators
  14 quicksilver oozes
  2 ghouls
  A spriggan defender (Depths:1)
  18 ironbound preservers
  19 stone giants
  2 war gargoyles
  5 green draconians
  10 ironbound thunderhulks
  3 deep elf demonologists
  3 vampire knights
  6 dire elephants
  7 entropy weavers
  12 black draconians
  3 minotaurs
  4 white draconians
  9 deep elf annihilators
  9 purple draconians
  Azrael (Spider:2)
  11 yellow draconians
  12 red draconians
  2 spark wasps
  11 ettins
  A crystal guardian (Vaults:2)
  A blizzard demon (Depths:2)
  An eidolon (Crypt:2)
  4 merfolk impalers (Shoals:3)
  13 deep elf death magi
  15 great orbs of eyes
  19 yaktaur captains
  10 jiangshi
  Josephine (Lair:5)
  8 ice dragons
  3 fire dragons
  6 deep elf high priests
  24 vault guards
  Fannar (Lair:3)
  Erolcha (D:9)
  3 spriggan air magi
  3 boulder beetles
  2 peacekeepers (Vaults:2)
  2 merfolk avatars
  12 centaur warriors
  A rakshasa (Depths:3)
  A catoblepas (D:13)
  8 hydras
  5 satyrs (Shoals:4)
  4 ogre magi
  21 dancing weapons
  2 merfolk aquamancers
  14 death yaks
  14 two-headed ogres
  5 ironbound frosthearts
  A two-headed ogre (shapeshifter) (Depths:2)
  4 deep troll shamans
  3 death knights
  2 tengu warriors
  2 vampire magi (Crypt:1)
  3 deep troll earth magi
  2 spriggan berserkers (Depths:2)
  Nergalle (Lair:3)
  Sonja (Lair:2)
  The ghost of PezBoy the Slicer, a novice KoBr of Dithmenos (D:8)
  The ghost of dolemite99 the Spear-Bearer, a novice MiGl of Ashenzari (D:7)
  15 deep elf knights
  3 pharaoh ants
  A fire crab (shapeshifter) (Vaults:5)
  4 shadow wraiths (Crypt:3)
  2 titan skeletons
  A fire crab (Gauntlet)
  41 deep trolls
  An iron troll (Zot:2)
  5 steelbarb worms
  6 cherubim (Depths:1)
  13 skeletal warriors
  9 sea snakes
  4 large abominations (Depths:4)
  4 flayed ghosts
  A golden dragon skeleton (Depths:3)
  A bunyip zombie (Crypt:1)
  14 orb spiders
  2 harpies (shapeshifter)
  5 deep elf archers
  3 glowing orange brains
  A bog body (Crypt:1)
  4 harpies (Shoals:4)
  5 necromancers
  6 lindwurms
  7 wizards
  6 phantasmal warriors
  15 wolf spiders
  A tengu zombie (Depths:3)
  5 orc knights
  13 deep elf zephyrmancers
  20 ironbound convokers
  46 ugly things
  22 deep elf pyromancers
  2 tengu skeletons (Vaults:3)
  5 orc sorcerers (Orc:2)
  25 fauns
  A sphinx skeleton (Vaults:3)
  13 elephants
  10 manticores
  26 moths of wrath
  3 shining eyes
  A spectral centaur (Crypt:3)
  A toenail golem (D:6)
  A guardian serpent (Lair:6)
  7 merfolk sirens
  14 vault sentinels
  An elf zombie (Vaults:4)
  11 black mambas
  4 torpor snails
  A stone giant skeleton (Vaults:3)
  4 eyes of devastation
  9 cane toads
  An ice statue (Gauntlet)
  A gargoyle (D:11)
  A minotaur zombie (Crypt:2)
  An elf skeleton (Vaults:3)
  A hellion (Depths:3)
  2 unseen horrors (Depths:4)
  9 rime drakes
  3 tengu conjurers
  A spectral naga (Crypt:3)
  10 demonic crawlers
  6 komodo dragons
  A kobold demonologist (D:12)
  A freezing wraith (Crypt:1)
  24 yaktaurs
  A tormentor (Depths:2)
  A yaktaur skeleton (Vaults:3)
  18 merfolk
  4 hornets
  6 polar bears
  3 meliai (Spider:3)
  4 trolls
  2 saltlings (Vaults:1)
  6 wind drakes
  Prince Ribbit (Bailey)
  13 tarantellas
  Grinder (D:4)
  4 snapping turtles
  5 dream sheep
  2 meliai zombies
  20 blink frogs
  29 flying skulls (Crypt:3)
  10 culicivoras
  48 slime creatures
  An iron dragon simulacrum (Vaults:4)
  10 water elementals
  35 jumping spiders
  A wyvern (shapeshifter) (Elf:3)
  3 spriggans
  A naga simulacrum (Crypt:1)
  9 humans
  3 shadows
  4 air elementals
  An ettin skeleton (Vaults:3)
  2 vampires
  5 wraiths
  27 yaks
  13 wyverns
  3 fire elementals
  4 fire bats
  2 basilisks
  52 redbacks
  4 golden eyes (Slime:5)
  2 humans (shapeshifter)
  2 vampire mosquitoes
  3 chaos spawn
  4 small abominations
  2 steam dragons (Lair:6)
  2 redbacks (shapeshifter)
  5 wargs
  3 acid dragons
  22 water moccasins
  2 demonspawn skeletons
  A hell hound (Spider:2)
  A swamp drake (Lair:6)
  28 orc warriors
  A sky beast (D:7)
  2 ice beasts (D:7)
  3 black bears
  17 ogres
  16 wolves
  4 necrophages
  13 centaurs
  6 human skeletons (Vaults:3)
  3 kobold brigands
  11 bullfrogs
  A gnoll sergeant (D:7)
  A scorpion (D:6)
  2 glowing shapeshifter simulacra (Vaults:4)
  A wyvern zombie (D:8)
  3 earth elementals
  A water moccasin skeleton (D:3)
  8 killer bees
  3 wights (D:10)
  5 howler monkeys
  A spriggan skeleton (Crypt:2)
  6 electric eels
  2 bullfrog zombies (D:5)
  5 centaur zombies
  6 hounds
  5 jellies
  A centaur skeleton (D:7)
  2 gnoll shamans
  14 orc priests
  An iguana (Lair:6)
  25 orc wizards
  Crazy Yiuf (D:6)
  A killer bee zombie (D:8)
  A naga zombie (Crypt:2)
  9 gnolls
  2 river rats
  6 adders
  A swamp drake skeleton (Crypt:1)
  2 worms
  A barachi skeleton (Crypt:2)
  2 dart slugs (D:2)
  94 orcs
  4 endoplasms
  2 giant cockroaches
  11 goblins
  4 hobgoblins
  2 quokkas (D:3)
  9 ball pythons
  5 bats
  4 frilled lizards
  A gnoll skeleton (Crypt:2)
  A hobgoblin skeleton (Crypt:2)
  16 kobolds
  4 rats
1968 creatures vanquished.

Vanquished Creatures (collateral kills)
  A dread lich (Zot:5)
  3 ancient liches
  Mennas (Depths:1)
  A Killer Klown (Zot:4)
  A curse toe (Zot:3)
  A golden dragon (Zot:5)
  A profane servitor (Crypt:3)
  A bone dragon (Crypt:3)
  An electric golem (Zot:5)
  3 tentacled monstrosities
  A walking crystal tome (Depths:3)
  A hellephant (Depths:2)
  6 Orb Guardians (Zot:5)
  A lich (Crypt:3)
  2 ancient champions (Crypt:3)
  2 titans (Zot:3)
  3 sphinxes
  8 acid blobs
  3 storm dragons
  2 draconian monks (Zot:4)
  2 tengu reavers
  4 shadow dragons
  Donald (Elf:3)
  6 azure jellies
  5 rockslimes
  4 fire giants
  A revenant (Crypt:1)
  2 frost giants
  2 emperor scorpions (Spider:4)
  2 vault wardens
  2 draconian scorchers
  A deep elf sorcerer (Elf:3)
  A draconian stormcaller (Zot:1)
  An iron dragon (Vaults:5)
  2 draconian shifters
  An orc warlord (Orc:2)
  2 ghouls
  A draconian annihilator (Depths:4)
  3 stone giants
  6 very ugly things
  A spriggan defender (Depths:2)
  6 quicksilver oozes
  4 ironbound preservers
  A broodmother (Spider:4)
  A war gargoyle (Vaults:2)
  An ironbound thunderhulk (Vaults:4)
  4 vampire knights
  A deep elf demonologist (Elf:3)
  3 green draconians
  2 red draconians
  3 purple draconians
  4 white draconians
  An entropy weaver (Spider:2)
  2 black draconians
  4 dire elephants
  3 yellow draconians
  2 spark wasps (Depths:1)
  Snorg (Orc:2)
  A crystal guardian (Vaults:2)
  6 ettins
  2 merfolk javelineers (Shoals:3)
  A deep elf death mage (Elf:3)
  3 fire dragons
  4 merfolk impalers
  A deep elf high priest (Elf:1)
  6 yaktaur captains
  6 jiangshi
  A rakshasa (Depths:3)
  5 ice dragons
  9 great orbs of eyes
  A spriggan air mage (Depths:2)
  2 hydras
  5 vault guards
  2 satyrs
  3 centaur warriors (Vaults:1)
  An ironbound frostheart (Vaults:1)
  2 radroaches
  An alligator snapping turtle (Shoals:2)
  12 dancing weapons
  A merfolk avatar (Shoals:1)
  A deep troll shaman (Depths:1)
  A death knight (Crypt:3)
  A tengu warrior (Depths:4)
  4 two-headed ogres
  A vampire mage (Crypt:1)
  3 death yaks
  A hell knight (Depths:3)
  6 deep elf knights
  An iron troll (Zot:3)
  5 pharaoh ants
  18 skeletal warriors
  2 flayed ghosts (Crypt:3)
  6 orb spiders
  A shadow demon (Depths:3)
  3 steelbarb worms
  A swamp dragon (shapeshifter) (D:15)
  A swamp dragon (Lair:6)
  4 ironbound convokers
  2 sea snakes
  7 deep trolls
  2 wizards
  2 phantasmal warriors
  A lindwurm (Lair:3)
  A bog body (Crypt:1)
  5 deep elf zephyrmancers
  2 harpies (Shoals:4)
  A necromancer (Crypt:1)
  An orc sorcerer (Orc:2)
  6 deep elf pyromancers
  A deep elf archer (Spider:3)
  A tengu skeleton (Depths:3)
  9 ugly things
  The ghost of Yajnam the Chopper, a novice DsFi of Ashenzari (D:7)
  A cyclops (D:15)
  2 shining eyes
  2 oklob plants
  7 moths of wrath
  9 fauns
  4 elephants
  5 wolf spiders
  9 manticores
  8 vault sentinels
  An ice statue (IceCv)
  5 merfolk sirens
  A smoke demon (D:8)
  5 water nymphs
  2 centaur zombies
  A rust devil (D:8)
  2 torpor snails (Lair:2)
  3 cane toads
  2 unseen horrors (Depths:4)
  A demonic crawler (Spider:4)
  5 freezing wraiths
  A grey draconian zombie (Crypt:1)
  A tengu conjurer (D:15)
  4 rime drakes
  7 komodo dragons
  A tormentor (D:8)
  4 yaktaurs
  A troll (Zot:3)
  7 merfolk
  A wind drake (Shoals:2)
  3 polar bears
  A raiju (Spider:3)
  23 slime creatures
  5 tarantellas
  2 dream sheep (Lair:3)
  An ettin zombie (Crypt:1)
  6 snapping turtles
  4 blink frogs
  27 flying skulls (Crypt:3)
  A human simulacrum (Crypt:3)
  17 jumping spiders
  2 black mamba zombies
  An air elemental (Elf:1)
  8 culicivoras
  3 wyverns
  4 water elementals
  A shadow (D:12)
  5 wraiths
  2 humans (Bailey)
  9 yaks
  2 golden eyes
  4 vampire mosquitoes
  11 fire bats
  15 redbacks
  2 chaos spawn (Depths:4)
  An acid dragon (Lair:6)
  2 large abominations (Crypt:3)
  2 wargs
  3 hell hounds (Spider:2)
  10 water moccasins
  A floating eye (Slime:4)
  2 orc warriors
  2 black bears
  4 sky beasts
  An ice beast (D:6)
  A swamp dragon zombie (Crypt:1)
  An ice dragon simulacrum (Crypt:3)
  4 necrophages
  5 wolves
  5 ogres
  A kobold brigand (D:9)
  4 bullfrogs
  An earth elemental (Orc:2)
  A gnoll sergeant (D:7)
  A wyvern zombie (D:7)
  A water moccasin zombie (D:5)
  A wyvern skeleton (D:7)
  A small abomination (Crypt:3)
  A raiju zombie (Crypt:1)
  3 killer bees (D:8)
  4 howler monkeys
  A wight (D:10)
  An electric eel (D:8)
  6 orc priests
  2 jellies
  A bullfrog skeleton (D:5)
  3 hounds
  3 centaur skeletons
  4 iguanas
  9 orc wizards
  A howler monkey zombie (D:8)
  3 adders
  A gnoll (D:8)
  2 white imps (D:7)
  2 worms
  43 orcs
  2 ball pythons
  3 endoplasms
  8 goblins
  2 hobgoblins
  A frilled lizard (D:1)
  6 kobolds
  2 rats
  A butterfly (Lair:1)
744 creatures vanquished.

Vanquished Creatures (others)
  A tengu reaver (Vaults:5)
  A fire giant (Depths:2)
  A draconian scorcher (Zot:4)
  3 manticores (Shoals:4)
  A merfolk (Shoals:3)
  2 tarantellas
  A culicivora (Spider:4)
  2 jumping spiders
  70 battlemagi
  44 fungi
  107 plants
  6 withered plants (D:7)
239 creatures vanquished.

Grand Total: 2951 creatures vanquished

Notes
Turn   | Place    | Note
-------+----------+-------------------------------------------
     0 | D:1      | ryw the Demonspawn Fighter began the quest for the Orb.
     0 | D:1      | Reached XP level 1. HP: 18/18 MP: 1/1
   183 | D:1      | Found a faded altar of an unknown god.
   195 | D:1      | Gained mutation: A weak demonic guardian rushes to your
                  | aid. [demonic ancestry]
   195 | D:1      | Reached XP level 2. HP: 16/24 MP: 2/2
   373 | D:1      | Prayed at the altar of an unknown god.
   373 | D:1      | Became a worshipper of Hepliaklqana the Forgotten
   373 | D:1      | Reached * piety under Hepliaklqana
  1217 | D:2      | Reached XP level 3. HP: 26/26 MP: 3/3
  1651 | D:2      | Reached ** piety under Hepliaklqana
  1652 | D:2      | Remembered your ancestor Agathoclea as a battlemage
  1937 | D:3      | Noticed a water moccasin
  1938 | D:3      | Reached skill level 4 in Fighting
  1959 | D:3      | Killed a water moccasin
  1960 | D:3      | Gained mutation: A demonic guardian rushes to your aid.
                  | [demonic ancestry]
  1960 | D:3      | Reached XP level 4. HP: 32/34 MP: 4/4
  1960 | D:3      | Gained mutation: Your demonic aura sometimes causes spilled
                  | blood to erupt in flames. [demonic ancestry]
  1960 | D:3      | Reached XP level 5. HP: 35/38 MP: 5/5
  2042 | D:3      | Reached skill level 5 in Fighting
  2161 | D:3      | Found Awnaygh's Distillery.
  2513 | D:4      | Reached XP level 6. HP: 43/45 MP: 4/6
  2534 | D:4      | Reached skill level 5 in Armour
  2571 | D:4      | Noticed Grinder
  2738 | D:4      | Paralysed by Grinder for 2 turns
  2740 | D:4      | Killed Grinder
  2741 | D:4      | Reached skill level 6 in Fighting
  2741 | D:4      | Gained mutation: Your demonic aura often causes spilled
                  | blood to erupt in flames. [demonic ancestry]
  2741 | D:4      | Reached XP level 7. HP: 34/52 MP: 7/7
  3168 | D:4      | Found Rinwepn's Jewellery Emporium.
  3484 | D:5      | Entered Level 5 of the Dungeon
  3522 | D:5      | Noticed a yak
  3522 | D:5      | Reached *** piety under Hepliaklqana
  3571 | D:5      | Reached skill level 7 in Fighting
  3707 | D:5      | Gained mutation: You are partially covered in yellow
                  | scales. (AC +2) [demonic ancestry]
  3707 | D:5      | Reached XP level 8. HP: 57/60 MP: 8/8
  3803 | D:5      | Identified the +7 chain mail "Hufom" {rPois SInv}
  3862 | D:5      | Found a glowing drain.
  3869 | Sewer    | Entered a sewer
  4203 | D:5      | Found a staircase to the Ecumenical Temple.
  4215 | D:5      | Reached skill level 8 in Fighting
  4220 | D:5      | Reached XP level 9. HP: 47/67 MP: 9/9
  4221 | D:5      | Reached skill level 9 in Fighting
  5081 | D:6      | Found a runed translucent door.
  5082 | D:6      | Noticed Crazy Yiuf
  5249 | D:6      | Killed Crazy Yiuf
  5298 | D:7      | Reached skill level 10 in Fighting
  5381 | D:7      | Found a runed translucent gate.
  5381 | D:7      | Found a runed translucent gate.
  5382 | D:7      | Found a runed translucent gate.
  5384 | D:7      | Noticed Yajnam's ghost (novice DsFi)
  5384 | D:7      | Noticed dolemite99's ghost (novice MiGl)
  5571 | D:7      | Reached **** piety under Hepliaklqana
  5575 | D:7      | Reached skill level 1 in Throwing
  5817 | D:7      | Found a shadowy altar of Dithmenos.
  5876 | D:7      | Gained mutation: You have a small tail. [demonic ancestry]
  5876 | D:7      | Reached XP level 10. HP: 66/77 MP: 10/10
  6047 | D:7      | Identified the +2 hunting sling of Defenestration {venom,
                  | +Blink rPois Will+ Stlth+}
  6681 | D:7      | Killed dolemite99's ghost
  6682 | D:7      | Reached skill level 1 in Slings
  6682 | D:7      | Reached skill level 10 in Armour
  6682 | D:7      | Reached skill level 1 in Evocations
  6898 | D:7      | Killed Yajnam's ghost
  6899 | D:7      | Reached skill level 11 in Fighting
  6969 | D:8      | Found a transporter.
  6969 | D:8      | Noticed PezBoy's ghost (novice KoBr)
  6996 | D:8      | Found a transporter.
  7293 | D:8      | Found a staircase to the Lair.
  7444 | D:8      | Found the +7 Throatcutter {drain, coup de grace}
  7725 | Lair:1   | Entered Level 1 of the Lair of Beasts
  7728 | Lair:1   | Reached skill level 1 in Long Blades
  7750 | Lair:1   | Noticed a seven-headed hydra
  7753 | Lair:1   | Killed a seven-headed hydra
  7758 | Lair:1   | Reached XP level 11. HP: 77/83 MP: 11/11
  7819 | Lair:1   | Noticed a five-headed hydra
  7824 | Lair:1   | Killed a five-headed hydra
  8121 | Lair:1   | You fall into a shaft and drop 1 floor!
  8178 | Lair:2   | Reached ***** piety under Hepliaklqana
  8224 | Lair:2   | Reached skill level 5 in Evocations
  8314 | Lair:2   | Noticed a seven-headed hydra
  8319 | Lair:2   | Killed a seven-headed hydra
  8320 | Lair:2   | Reached skill level 5 in Long Blades
  8413 | Lair:2   | Noticed Sonja
  8420 | Lair:2   | Killed Sonja
  8421 | Lair:2   | Reached skill level 5 in Slings
  8694 | Lair:2   | Identified the +9 dagger of Classification {vamp, Fly rF+++
                  | Str-2 Dex+4}
  8705 | Lair:2   | Found a staircase to the Shoals.
  8920 | Lair:2   | Noticed a five-headed hydra
  8929 | Lair:2   | Killed a five-headed hydra
  9061 | Lair:2   | Found a snail-covered altar of Cheibriados.
  9307 | Lair:2   | Noticed Gastronok
  9315 | Lair:2   | Killed Gastronok
  9316 | Lair:2   | Gained mutation: You are mostly covered in yellow scales.
                  | (AC +3) [demonic ancestry]
  9316 | Lair:2   | Reached XP level 12. HP: 90/90 MP: 12/12
  9698 | Lair:1   | Noticed a seven-headed hydra
  9703 | Lair:1   | Killed a seven-headed hydra
 10156 | Lair:3   | Found a hole to the Spider Nest.
 10424 | Lair:3   | Noticed Nergalle
 10428 | Lair:3   | Killed Nergalle
 10457 | Lair:3   | Noticed a seven-headed hydra
 10462 | Lair:3   | Killed a seven-headed hydra
 10725 | Lair:3   | Noticed Fannar
 10737 | Lair:3   | Killed Fannar
 11532 | Lair:4   | Noticed a boulder beetle
 11563 | Lair:3   | Killed a boulder beetle
 11735 | Lair:3   | Reached skill level 12 in Fighting
 12194 | Lair:4   | Gained mutation: You have a tail ending in a sharp stinger.
                  | [demonic ancestry]
 12194 | Lair:4   | Reached XP level 13. HP: 97/97 MP: 13/13
 12508 | Lair:4   | Reached skill level 10 in Long Blades
 13675 | Lair:5   | Noticed Josephine
 13679 | Lair:5   | Killed Josephine
 13846 | Lair:5   | Reached ****** piety under Hepliaklqana
 14477 | Lair:6   | Entered Level 6 of the Lair of Beasts
 14644 | Lair:6   | Reached skill level 13 in Fighting
 14662 | Lair:6   | Reached XP level 14. HP: 106/106 MP: 14/14
 14931 | Lair:6   | Found a staircase to the Slime Pits.
 15541 | Lair:6   | Identified the +1 leather armour of Uqotaclu {-Cast rElec
                  | rCorr Dex-2}
 17069 | D:9      | Found the ring of the Tortoise {AC+8}
 17069 | D:9      | Found Wuwkiaja's Weapon Shop.
 17123 | D:9      | Noticed Erolcha
 17134 | D:9      | Killed Erolcha
 17185 | D:9      | Found a staircase to the Orcish Mines.
 17788 | D:10     | Entered Level 10 of the Dungeon
 17975 | D:10     | Found a sparkling altar of Nemelex Xobeh.
 18090 | D:10     | Found a flagged portal.
 18099 | Bailey   | Entered a bailey
 18240 | Bailey   | Noticed Prince Ribbit
 18243 | Bailey   | Killed Prince Ribbit
 18707 | Orc:1    | Entered Level 1 of the Orcish Mines
 19069 | Orc:2    | Entered Level 2 of the Orcish Mines
 19069 | Orc:2    | Found a gate leading to a gauntlet.
 19085 | Orc:2    | Found a burning altar of Makhleb.
 19087 | Orc:2    | Reached skill level 10 in Slings
 19092 | Gauntlet | Entered a Gauntlet
 19092 | Gauntlet | Found a transporter.
 19253 | Gauntlet | Found a transporter.
 19262 | Gauntlet | Found a transporter.
 19342 | Gauntlet | Found a transporter.
 19344 | Gauntlet | Found a transporter.
 19349 | Gauntlet | Found a transporter.
 19364 | Gauntlet | Noticed a quicksilver ooze
 19382 | Gauntlet | Found a transporter.
 19396 | Gauntlet | Identified the +7 whip of Supply {antimagic, Dex+8}
 19400 | Gauntlet | Found a transporter.
 19442 | Gauntlet | Found a transporter.
 19445 | Gauntlet | Noticed a balrug
 19450 | Gauntlet | Found a transporter.
 19461 | Gauntlet | Killed a balrug
 19616 | Gauntlet | Found a transporter.
 19627 | Gauntlet | Identified the +7 ring mail of Qamuezxe {rPois}
 19637 | Gauntlet | Reached XP level 15. HP: 106/112 MP: 15/15
 19660 | Gauntlet | Identified the +0 robe of the Centipede {-Tele rF+++ rN++
                  | Dex-4}
 19687 | Gauntlet | Found a transporter.
 19782 | Orc:2    | Noticed Snorg
 19789 | Orc:2    | Killed Snorg
 19985 | Orc:2    | Found a staircase to the Elven Halls.
 20020 | Orc:2    | Reached skill level 14 in Fighting
 20028 | Orc:2    | Found Rutatios's Assorted Antiques.
 20369 | Orc:2    | Found Nihof's Antique Weapon Boutique.
 20493 | Orc:2    | Noticed an orc warlord
 20989 | Orc:2    | Killed an orc warlord
 21364 | Orc:2    | Found Judgh's Antique Weapon Shop.
 21366 | Orc:2    | Found Xuebb's Antique Armour Boutique.
 21990 | D:11     | Found Kixelev's Assorted Antiques.
 22003 | D:11     | Bought a warped tower shield for 304 gold pieces
 22003 | D:11     | Identified the +3 tower shield of the Desert {Str+5 Dex+2}
                  | (You bought it in a shop on level 11 of the Dungeon)
 22717 | D:12     | Found a frozen archway.
 22848 | IceCv    | Entered an ice cave
 23195 | IceCv    | Noticed a frost giant
 23204 | IceCv    | Killed a frost giant
 23527 | D:12     | Noticed Jorgrun
 23534 | D:12     | Killed Jorgrun
 23601 | D:13     | Found a gate to the Vaults.
 23753 | D:13     | You fall into a shaft and drop 2 floors!
 23753 | D:15     | Entered Level 15 of the Dungeon
 23768 | D:15     | Reached skill level 5 in Shields
 23956 | D:15     | Paralysed by an ogre mage for 7 turns
 24100 | D:15     | Found a staircase to the Depths.
 24109 | D:15     | Reached XP level 16. HP: 87/120 MP: 16/16
 24370 | D:15     | Found a broken altar of Ashenzari.
 24677 | D:13     | Found the +1 robe of Vines {NoPotionHeal Regen++++}
 25288 | D:13     | Noticed a thorn hunter
 25295 | D:13     | Killed a thorn hunter
 25515 | D:13     | Identified a scroll of acquirement
 25515 | D:13     | Acquired a +0 buckler of reflection
 26573 | Spider:1 | Entered Level 1 of the Spider Nest
 26932 | Lair:3   | Reached skill level 1 in Invocations
 27241 | Spider:1 | Identified the +5 mace "Urylus" {drain, rPois rCorr Dex+4}
 28119 | Spider:2 | Noticed Asterion
 28125 | Spider:2 | Killed Asterion
 28701 | Spider:2 | Gained mutation: You have a sharp stinger which inflicts
                  | weakening toxins. [demonic ancestry]
 28701 | Spider:2 | Reached XP level 17. HP: 105/126 MP: 20/20
 29019 | Spider:2 | Noticed Azrael
 29031 | Spider:2 | Reached skill level 15 in Fighting
 29034 | Spider:2 | Killed Azrael
 29371 | Spider:2 | Reached skill level 5 in Invocations
 29902 | Spider:2 | Upgraded the game from 0.28-a0-1412-gf95308ed99 to
                  | 0.28-a0-1415-g7c84da036a
 30719 | Spider:3 | Reached skill level 10 in Shields
 31625 | Spider:4 | Entered Level 4 of the Spider Nest
 32092 | Spider:4 | Reached skill level 15 in Armour
 33000 | Spider:4 | Reached skill level 16 in Fighting
 33590 | Spider:4 | Gained mutation: Your demonic aura causes all spilled blood
                  | to erupt in flames. [demonic ancestry]
 33590 | Spider:4 | Reached XP level 18. HP: 124/135 MP: 21/21
 33639 | Spider:4 | Got a gossamer rune of Zot
 34121 | Elf:1    | Entered Level 1 of the Elven Halls
 35097 | Elf:1    | Found Zuoduung's Weapon Shop.
 36181 | Shoals:1 | Entered Level 1 of the Shoals
 36661 | D:8      | Killed PezBoy's ghost
 37081 | Shoals:1 | Found Iplesienk's Assorted Antiques.
 38192 | Shoals:2 | Gained mutation: You sometimes lose the ability to read
                  | scrolls when taking damage. [potion of mutation]
 38192 | Shoals:2 | Gained mutation: You are clumsy. (Dex -2) [potion of
                  | mutation]
 38192 | Shoals:2 | Gained mutation: You are robust. (+10% HP) [potion of
                  | mutation]
 38193 | Shoals:2 | Lost mutation: You are robust. (+10% HP) [potion of
                  | mutation]
 38193 | Shoals:2 | Lost mutation: You sometimes lose the ability to read
                  | scrolls when taking damage. [potion of mutation]
 38193 | Shoals:2 | Lost mutation: You are clumsy. (Dex -2) [potion of
                  | mutation]
 38193 | Shoals:2 | Gained mutation: Your mind is acute. (Int +2) [potion of
                  | mutation]
 38193 | Shoals:2 | Gained mutation: You have very sharp teeth. [potion of
                  | mutation]
 38193 | Shoals:2 | Gained mutation: Your skin changes colour to match your
                  | surroundings (Stealth+). [potion of mutation]
 38403 | Shoals:2 | Reached skill level 1 in Short Blades
 38532 | Shoals:2 | Reached skill level 17 in Fighting
 40707 | Shoals:4 | Entered Level 4 of the Shoals
 40978 | Shoals:4 | Gained mutation: You are completely covered in yellow
                  | scales. (AC +4, rCorr) [demonic ancestry]
 40978 | Shoals:4 | Reached XP level 19. HP: 142/144 MP: 22/22
 41152 | Shoals:4 | Reached skill level 15 in Shields
 41297 | Shoals:4 | Paralysed by a sphinx for 5 turns
 41840 | Shoals:4 | Got a barnacled rune of Zot
 42193 | Depths:1 | Entered Level 1 of the Depths
 42480 | Vaults:1 | Entered Level 1 of the Vaults
 42702 | Vaults:1 | Found Huschokam's Antique Armour Shop.
 42706 | Vaults:1 | Bought the +2 hat of the Bear Spirit {Spirit, *Rage Will++}
                  | for 1172 gold pieces
 42706 | Vaults:1 | Found the +2 hat of the Bear Spirit {Spirit, *Rage Will++}
 42706 | Vaults:1 | Bought a pair of runed gloves for 300 gold pieces
 42706 | Vaults:1 | Bought a pair of runed boots for 300 gold pieces
 42757 | Vaults:1 | Reached skill level 18 in Fighting
 43290 | Vaults:1 | Reached skill level 10 in Evocations
 43696 | Vaults:1 | Reached skill level 19 in Fighting
 43863 | Vaults:1 | Learned a level 2 spell: Ensorcelled Hibernation
 43868 | Vaults:1 | Learned a level 4 spell: Leda's Liquefaction
 44010 | Vaults:2 | Reached skill level 1 in Hexes
 44017 | Vaults:2 | Reached skill level 1 in Spellcasting
 44017 | Vaults:2 | Reached skill level 1 in Earth Magic
 44283 | Vaults:2 | Reached XP level 20. HP: 156/156 MP: 23/26
 44463 | Vaults:2 | Reached skill level 1 in Dodging
 44662 | Vaults:2 | Identified the +3 fustibalus of Kismet {flame, rN+}
 44928 | Vaults:2 | Identified the +5 quick blade of Xiyjaid {vorpal, rF+}
 46663 | Shoals:1 | Bought a scroll of enchant weapon for 180 gold pieces
 47228 | Vaults:3 | Noticed Sojobo
 47238 | Vaults:3 | Paralysed by an air elemental for 1 turns
 47243 | Vaults:3 | Paralysed by an air elemental for 1 turns
 47550 | Vaults:3 | Killed Sojobo
 47894 | Vaults:3 | Found a transporter.
 47898 | Vaults:3 | Found a transporter.
 47898 | Vaults:3 | Noticed Wetuzyl's ghost (veteran DrFi)
 47899 | Vaults:3 | Identified the +5 giant spiked club of the Heavens {freeze,
                  | Str+2}
 48596 | Vaults:3 | Found a staircase to the Crypt.
 48789 | Vaults:3 | Reached skill level 5 in Dodging
 49010 | Vaults:4 | Identified the +5 halberd "Spiderslayer" {vorpal, rElec
                  | SInv}
 49463 | Vaults:4 | Reached XP level 21. HP: 163/163 MP: 14/27
 49939 | Vaults:4 | Reached skill level 20 in Fighting
 50580 | Vaults:5 | Entered Level 5 of the Vaults
 50708 | Vaults:5 | Noticed a golden dragon
 50767 | Vaults:5 | Killed a golden dragon
 50792 | Vaults:5 | Reached skill level 10 in Dodging
 50805 | Vaults:5 | Noticed Mara
 50806 | Vaults:5 | Noticed an ancient lich
 50814 | Vaults:5 | Killed an ancient lich
 50820 | Vaults:5 | Noticed ryw's illusion
 50829 | Vaults:5 | Reached skill level 21 in Fighting
 51171 | Vaults:5 | Identified the +0 scale mail of the Fiend {rElec Int+4
                  | Dex+4 Stlth+}
 51320 | Vaults:5 | Acquired 676 gold pieces
 51347 | Vaults:5 | Identified the amulet "Timanaru" {Rampage rF+ Regen+ Dex+3}
 51480 | Vaults:5 | Noticed an ancient lich
 51497 | Vaults:5 | Killed an ancient lich
 51502 | Vaults:5 | Gained mutation: Your magical and physical power is
                  | slightly enhanced at high health. [demonic ancestry]
 51502 | Vaults:5 | Reached XP level 22. HP: 169/175 MP: 11/28
 51551 | Vaults:5 | Identified the +10 dagger "Kyf Gomo" {chaos, *Noise rN+++
                  | Str+3 Dex-5}
 51904 | Vaults:5 | Noticed a golden dragon
 51915 | Vaults:5 | Killed a golden dragon
 52000 | Vaults:5 | Identified the +4 broad axe "Demonslayer" {venom, Str+4}
 52006 | Vaults:5 | Reached skill level 22 in Fighting
 52244 | Vaults:5 | Got a silver rune of Zot
 52357 | Vaults:5 | Noticed ryw's illusion
 52362 | Vaults:5 | Killed Mara
 52545 | Vaults:5 | Identified the +2 rapier of Exhibitionism {spect, rF+++ rC-
                  | Will- Int+2}
 52635 | Vaults:5 | Reached skill level 23 in Fighting
 52715 | Vaults:5 | Identified the +0 pair of gloves of Nuir {Int+2 Stlth+}
 52786 | Vaults:5 | Identified the +2 cloak of Mezcal {rElec rF++ Int+3}
 53133 | Vaults:5 | Reached skill level 5 in Hexes
 53561 | Slime:1  | Entered Level 1 of the Pits of Slime
 53783 | Slime:2  | Gained mutation: You tend to lose your temper in combat. [a
                  | shining eye]
 53786 | Slime:1  | Gained mutation: You often lose your temper in combat. [a
                  | shining eye]
 53995 | Slime:2  | Found a viscous altar of Jiyva.
 54001 | Slime:2  | Gained mutation: You are agile. (Dex +2) [a shining eye]
 54056 | Slime:2  | Reached skill level 5 in Spellcasting
 54056 | Slime:2  | Reached skill level 5 in Earth Magic
 54797 | Slime:3  | Lost mutation: You are agile. (Dex +2) [a shining eye]
 54801 | Slime:2  | Gained mutation: You are weak. (Str -2) [a shining eye]
 54949 | Slime:3  | Found a viscous altar of Jiyva.
 55103 | Slime:4  | Paralysed by a floating eye for 3 turns
 55107 | Slime:4  | Paralysed by a floating eye for 2 turns
 55125 | Slime:4  | Gained mutation: Your spells are a little easier to cast,
                  | but a little less powerful. [a shining eye]
 55126 | Slime:4  | Lost mutation: Your mind is acute. (Int +2) [a shining eye]
 55414 | Slime:5  | Entered Level 5 of the Pits of Slime
 55659 | Slime:5  | Noticed the Royal Jelly
 56795 | Slime:5  | Found a viscous altar of Jiyva.
 56865 | Slime:5  | Killed the Royal Jelly
 56938 | Slime:5  | Got a slimy rune of Zot
 56952 | Slime:5  | Got Olia's Almanac of Battle Magic
 56981 | Slime:5  | Identified the +0 ring mail of the First Snow {rF++}
 57040 | Slime:5  | Identified the +3 short sword of the Skies Above {protect,
                  | rPois rC- Dex+9 SInv}
 57120 | Slime:5  | Identified the +8 hunting sling of Precise Incision
                  | {freeze, rPois rC- rN++}
 57403 | Slime:5  | Gained mutation: A powerful demonic guardian rushes to your
                  | aid. [demonic ancestry]
 57403 | Slime:5  | Reached XP level 23. HP: 186/186 MP: 30/32
 57583 | Lair:6   | Upgraded the game from 0.28-a0-1415-g7c84da036a to
                  | 0.28-a0-1429-gf3d713df7a
 57868 | Elf:2    | Paralysed by an air elemental for 1 turns
 58129 | Elf:2    | Found a runed translucent gate.
 58131 | Elf:2    | Found a runed translucent gate.
 58134 | Elf:2    | Found a runed translucent gate.
 58389 | Elf:2    | Paralysed by an air elemental for 1 turns
 58931 | Elf:3    | Entered Level 3 of the Elven Halls
 59757 | Elf:3    | Reached skill level 24 in Fighting
 59803 | Elf:3    | Noticed Donald
 59810 | Elf:3    | Killed Donald
 59925 | Elf:3    | Reached skill level 10 in Hexes
 59988 | Elf:3    | Acquired 849 gold pieces
 60015 | Elf:3    | Identified the +8 eveningstar "Qyippuy" {vorpal, *Rage
                  | Will+ MP+9 Int+2 SInv}
 60161 | Elf:3    | Identified the ring "Lofeulaige" {Fire Fly rCorr SInv}
 60233 | Elf:3    | Identified the +4 fustibalus of Majestic Judgement {freeze,
                  | Str+6 Int+4 Stlth-}
 61100 | Crypt:1  | Entered Level 1 of the Crypt
 62496 | Crypt:2  | Found a large runed translucent door.
 62498 | Crypt:2  | Found a large runed translucent door.
 62738 | Crypt:2  | Noticed Uroast's ghost (veteran MiGl)
 62757 | Crypt:3  | Entered Level 3 of the Crypt
 62949 | Crypt:3  | Lost mutation: Your spells are a little easier to cast, but
                  | a little less powerful. [potion of mutation]
 62949 | Crypt:3  | Lost mutation: You are weak. (Str -2) [potion of mutation]
 62949 | Crypt:3  | Lost mutation: You often lose your temper in combat.
                  | [potion of mutation]
 62949 | Crypt:3  | Gained mutation: Your magical capacity is low. (-10% MP)
                  | [potion of mutation]
 62949 | Crypt:3  | Gained mutation: You have a pair of small antennae on your
                  | head. [potion of mutation]
 62949 | Crypt:3  | Gained mutation: You are somewhat resistant to further
                  | mutation. [potion of mutation]
 62958 | Crypt:3  | Reached XP level 24. HP: 197/197 MP: 29/29
 63090 | Crypt:3  | Gained mutation: Your magical and physical power is
                  | enhanced at high health. [demonic ancestry]
 63090 | Crypt:3  | Reached XP level 25. HP: 203/203 MP: 29/29
 63112 | Crypt:3  | Found a basalt altar of Yredelemnul.
 63420 | Crypt:3  | Reached skill level 25 in Fighting
 63810 | Crypt:3  | Got the Grimoire of Dark Rituals
 63812 | Crypt:3  | Identified the +7 falchion of Arrival {drain, rPois Str+4
                  | Stlth-}
 64011 | Crypt:3  | Identified the +5 rapier "Jyhacau" {vorpal, Str+2}
 64055 | Crypt:3  | Found a staircase to the Tomb.
 64825 | Depths:1 | Found an iron altar of Okawaru.
 64924 | Depths:1 | Found Ukuvept's Assorted Antiques.
 64931 | Depths:1 | Bought an ancient golden ring for 170 gold pieces
 64931 | Depths:1 | Identified the ring "Rioth" {rPois rC- Int+6 Dex+4 Slay+2}
                  | (You bought it in a shop on level 1 of the Depths)
 64970 | Depths:1 | Found a gateway to Hell.
 65280 | Depths:1 | Noticed Mennas
 65395 | Depths:1 | Killed Mennas
 66034 | Depths:2 | Reached skill level 10 in Earth Magic
 66144 | Depths:2 | Noticed a juggernaut
 66157 | Depths:2 | Killed a juggernaut
 66872 | Depths:2 | Found a one-way gate leading to the halls of Pandemonium.
 67231 | Depths:3 | Found a one-way gate to the infinite horrors of the Abyss.
 67378 | Depths:3 | Identified the +0 pair of boots "Ekhlus" {rF+ rC+ Int+4
                  | Stlth+}
 67621 | Depths:3 | Gained mutation: Your magical and physical power is greatly
                  | enhanced at high health. [demonic ancestry]
 67621 | Depths:3 | Reached XP level 26. HP: 213/213 MP: 25/29
 67913 | Depths:3 | Noticed a juggernaut
 67919 | Depths:3 | Killed a juggernaut
 68166 | Depths:3 | Reached skill level 26 in Fighting
 68706 | Depths:4 | Entered Level 4 of the Depths
 68711 | Depths:4 | Found a one-way gateway to a ziggurat.
 68832 | Depths:4 | Found a gate to the Realm of Zot.
 68894 | Depths:4 | Reached skill level 15 in Hexes
 69840 | Depths:4 | Upgraded the game from 0.28-a0-1429-gf3d713df7a to
                  | 0.28-a0-1435-g82390b3a13
 69842 | Zot:1    | Entered Level 1 of the Realm of Zot
 69954 | Zot:1    | Learned a level 4 spell: Cause Fear
 69985 | Zot:1    | Identified the +7 scale mail of the Devil's Advocate {rF+
                  | Str+2 Int-3}
 70989 | Zot:1    | Noticed an orb of fire
 70992 | Zot:1    | Gained mutation: Your body sometimes deteriorates upon
                  | taking damage. [an orb of fire]
 70996 | Zot:1    | Killed an orb of fire
 71628 | Zot:2    | Acquired 1244 gold pieces
 72112 | Zot:3    | Reached XP level 27. HP: 218/218 MP: 21/30
 73351 | Zot:3    | Reached skill level 27 in Fighting
 74647 | Zot:5    | Entered Level 5 of the Realm of Zot
 75219 | Zot:5    | Noticed an ancient lich
 75232 | Zot:5    | Noticed an orb of fire
 75283 | Zot:5    | Killed an ancient lich
 75284 | Zot:5    | Killed an orb of fire
 75443 | Zot:5    | Noticed an ancient lich
 75444 | Zot:5    | Noticed an orb of fire
 75450 | Zot:5    | Killed an ancient lich
 75455 | Zot:5    | Killed an orb of fire
 75455 | Zot:5    | Noticed a dread lich
 75611 | Zot:4    | Killed a dread lich
 75748 | Zot:5    | Noticed a dread lich
 75750 | Zot:5    | Noticed an ancient lich
 75846 | Zot:5    | Killed a dread lich
 75851 | Zot:5    | Killed an ancient lich
 76010 | Zot:5    | Noticed a dread lich
 76011 | Zot:5    | Noticed an orb of fire
 76017 | Zot:5    | Killed a dread lich
 76022 | Zot:5    | Killed an orb of fire
 76068 | Zot:5    | Noticed an ancient lich
 76071 | Zot:5    | Identified the +0 pair of gloves of Wuxax {rCorr Dex+4}
 76075 | Zot:5    | Killed an ancient lich
 76470 | Zot:5    | Noticed an ancient lich
 76478 | Zot:5    | Killed an ancient lich
 76836 | Zot:5    | Noticed an orb of fire
 76843 | Zot:5    | Killed an orb of fire
 77005 | Zot:5    | Got the Orb of Zot
 77078 | Zot:3    | Noticed Lefericang the pandemonium lord
 77295 | Depths:2 | Identified the +1 quarterstaff "Kiucizyv" {flame, Will+
                  | MP+9 Stlth+}
 77808 | D:$      | Escaped with the Orb!

Illustrated notes

Levels and vault maps discovered:
D:1:      dpeg_arrival_water_fire, layout_loops_ring,
          ebering_ecumenical_altar_sacrificial, skrybe_limestone_x, minivault_25
D:2:      layout_basic, st_stairs_14, serial_bayou_pond_b
D:3:      layout_rooms, serial_shops, nicolae_diamond_shop,
          kennysheep_cluttered_room
D:4:      layout_rooms, serial_shops, kennysheep_little_box, grunt_ministairs_6,
          uniq_grinder
D:5:      layout_cave_pools, minmay_temple_entry_gardened_gates,
          cheibrodos_sewer_entry_sluice, lemuel_flamethrower_2
D:6:      layout_rooms, uniq_crazy_yiuf_cottage
D:7:      cheibrodos_barr_body, layout_loops_ring, marbit_many_paths,
          gammafunk_ghost_cemetery, chequers_garden, moated_statue,
          minivault_10, grunt_ministairs_13, minmay_tree_intersection,
          grunt_decor_clamped
D:8:      layout_cave_pools, erik_lair_island, special_room [special_room_orc],
          gammafunk_ghost_arena, kennysheep_generic_room_3
D:9:      layout_loops_cross, erik_orc_4, nicolae_stop_n_shop_1,
          kennysheep_pointless_box, uniq_erolcha
D:10:     layout_loops_cross, nemelex_spade_bored_becter, enter_bailey_3,
          minmay_unpleasant_kobolds
D:11:     layout_big_octagon, serial_shops, nicolae_shop_overgrown_old_shop,
          serial_column_ruins, column_ruins_hut, column_ruins_corridor_straight,
          column_ruins_open_tiny, column_ruins_open_small, column_ruins_grid_1,
          column_ruins_open_small_water, column_ruins_grid_3
D:12:     layout_long_grid, portal_ice_cave_entry_pillars_2, uniq_jorgrun
D:13:     layout_irregular_city, erik_vaults_1, hellmonk_guarded_unrand_vines
D:14:     layout_long_grid, kennysheep_another_room
D:15:     hangedman_depths_entry_civil_slaughter, layout_basic,
          ashenzari_conservatory_becter
Lair:1:   layout_roguey, serial_bayou_lake_a, grunt_megastairs_4,
          lemuel_fruit_tree, lemuel_fruit_fields
Lair:2:   layout_cave_pods, minmay_shoals_entry_lonely_mermaid,
          chequers_serial_rivers_small_a, st_stairs_8, fungi_pond_lemuel,
          serial_bayou_pond_a, chequers_serial_rivers_large_a,
          kennysheep_snail_temple, uniq_gastronok, uniq_sonja
Lair:3:   layout_loops_ring, nicolae_spider_entry_orb_guardian,
          minmay_lair_oklob_items, serial_bayou_shore_b, uniq_nergalle,
          uniq_fannar
Lair:4:   dpeg_oklob_gauntlet, layout_small_grid, grunt_forest_stairs_clearing,
          grunt_megastairs_3, infiniplex_staircase_pool, serial_bayou_shore_b,
          serial_bayou_shore_a
Lair:5:   layout_small_grid, grunt_megastairs_2, uniq_josephine
Lair:6:   hangedman_lair_tendril_chambers, layout_regular_city,
          guppyfry_lair_end_dragon, nicolae_slime_entry_slimehenge
Shoals:1: layout_shoals, serial_shops, nicolae_shop_stone
Shoals:2: layout_shoals
Shoals:3: layout_shoals, nicolae_shoals_mertower
Shoals:4: shoals_end_hellmonk_lost_city, serial_shops
Spider:1: nicolae_spider_jumping_over_cracks [nicolae_spider_jumping_sub_rim,
          nicolae_spider_jumping_sub_stairs,
          nicolae_spider_jumping_sub_shuffled,
          nicolae_spider_jumping_sub_no_exit], nicolae_spider_orb_run
Spider:2: layout_cave_pods, nicolae_spider_shape, uniq_asterion, uniq_azrael
Spider:3: layout_cave_pods, beargit_elvish_explorers
Spider:4: grunt_spider_rune_circles, nicolae_spider_nooks_and_crannies
Slime:1:  layout_caves
Slime:2:  layout_caves, basic_altar, cheibrodos_slime_lost_civilization_7
Slime:3:  layout_caves, basic_altar
Slime:4:  layout_caves
Slime:5
Orc:1:    layout_caves, nicolae_volcano_entry_batcave
Orc:2:    grunt_orc_community_town_hall, layout_caves,
          grunt_orc_community_big_house_1, grunt_orc_community_big_house_1,
          grunt_orc_community_house_2, grunt_orc_community_house_2,
          grunt_orc_community_house_2, grunt_orc_community_house_2,
          gauntlet_entry_generic, basic_altar, minmay_orc_barracks, uniq_snorg
Elf:1:    minmay_elf_arrival_plus, layout_loops_cross, serial_shops,
          nicolae_take_the_stairs
Elf:2:    elven_hall_of_blades_hangedman_original
          [nicolae_vaults_blade_armed_guards], layout_loops_ring
Elf:3:    elf_hall, layout_geoelf_castle, uniq_donald
Vaults:1: portal_desolation_entry_salt, vaults_room_semicircle,
          hangedman_vaults_nails, vaults_room_corners,
          vaults_mumra_minichess_inversion, ontoclasm_vaults_tryst,
          st_spiral_rooms, v_misc_19, v_pattern_4, grunt_vaults_hallway_long,
          vaults_room_grunt_arrival_ludios, layout_vaults_omnicross,
          serial_shops, shop
Vaults:2: st_octagons_2, hangedman_vaults_pinch, serial_ice_m,
          nicolae_vaults_big_angled_halls, hangedman_vaults_stretched_pinwheel,
          nicolae_vaults_mini_display_case, vaults_mumra_hexcomb,
          nicolae_vaults_hallways_thing, nicolae_vaults_rhombus_5, v_misc_10,
          vaults_mumra_hex, ontoclasm_vaults_chip, layout_vaults_ring
Vaults:3: gammafunk_ghost_smash, hangedman_vaults_maws, grunt_vaults_focal,
          vaults_room_grid, minmay_crypt_entry_skeletal_spiral,
          grunt_vaults_hallway_short, v_alt_pattern_2, nicolae_vaults_theta,
          layout_vaults_omnigrid, uniq_sojobo
Vaults:4: nicolae_vaults_rhombus_5, st_cells, grunt_vaults_trifunnel,
          nicolae_vaults_little_squares_5, v_rooms_3, dpeg_vaults_monster_row,
          vaults_room_pools, v_misc_26, nicolae_vaults_specimen_jars, v_misc_11,
          nicolae_vaults_ninety_degrees, nicolae_vaults_little_squares_2,
          layout_vaults_maze_snakey
Vaults:5: serial_shops, uniq_mara
Crypt:1:  layout_regular_city
Crypt:2:  layout_rooms, ebering_ghost_disaster_area
Crypt:3:  grunt_crypt_end_deaths_head
Depths:1: evilmike_silver_temple, layout_basic, chequers_serial_rivers_micro_a,
          hell_entry, serial_shops, shop, okawaru_gym_becter
Depths:2: minmay_the_grid_four_pointed_star_mashed
          [minmay_the_grid_triangle_9x9_descending_squares,
          minmay_the_grid_triangle_9x9_empty,
          minmay_the_grid_triangle_9x9_from_above,
          minmay_the_grid_triangle_9x9_sprig,
          minmay_the_grid_prize_inner_circle], layout_basic, serial_sigils,
          serial_sigils_hangedman_quiver, serial_sigils_hangedman_quiver,
          serial_sigils_hangedman_writhe, serial_sigils_hangedman_gut,
          serial_sigils_hangedman_scratch, pan_entry, hell_entry, firewood_loft
Depths:3: nooodl_heptagram, layout_gridville, hangedman_tar_grid_catacomb,
          abyss_entry, roderic_roman_lattice, pan_entry,
          minmay_staircase_windowed_small
Depths:4: grunt_x_marks_the_spot, layout_basic, enter_ziggurat_d,
          minmay_room_of_horrors, serial_curves, eino_curves_03, eino_curves_01,
          serial_bayou_pond_b, hell_entry, uniq_mennas
Zot:1:    layout_concentric_octagons
Zot:2:    layout_twisted_circle, st_stairs_8
Zot:3:    lemuel_halls_of_wrath, layout_onion_interference
Zot:4:    layout_basic
Zot:5:    layout_misc_corridors

Skill      XL: |  1  2  3  4  5  6  7  8  9 10 11 12 13 14 15 16 17 18 19 20 21 22 23 24 25 26 27 |
---------------+----------------------------------------------------------------------------------+-----
Armour         | 3 4 5 6 8 9 10 11 12 13 14 15 16 17 18 | 18.5
Fighting       | 4 5 6 7 8 10 11 12 13 14 16 17 19 21 23 24 25 26 27 | 27.0
Throwing       | 2 |  2.9
Slings         | 3 6 7 8 10 11 | 11.8
Evocations     | 3 6 7 8 10 | 10.0
Long Blades    | 2 7 9 11 13 14 | 14.0
Shields        | 5 9 12 14 15 | 15.0
Invocations    | 4 5 8 |  8.0
Short Blades   | 4 |  4.1
Hexes          | 2 4 7 11 14 16 18 | 18.9
Spellcasting   | 2 4 6 7 9 |  9.8
Earth Magic    | 2 4 6 9 10 11 13 | 13.4
Dodging        | 6 10 11 12 13 | 13.9
Axes           | |  1.7

Action                   |  1- 3 |  4- 6 |  7- 9 | 10-12 | 13-15 | 16-18 | 19-21 | 22-24 | 25-27 || total
-------------------------+-------+-------+-------+-------+-------+-------+-------+-------+-------++-------
Melee: War axe           |    95 |    24 |   150 |    52 |       |       |       |       |       ||   321
       Tailslap          |       |       |       |    14 |    96 |   180 |   320 |   210 |   266 ||  1086
       Long sword        |       |       |       |    64 |   573 |   433 |       |       |       ||  1070
       Dagger            |       |       |       |       |       |   405 |   645 |       |       ||  1050
       Bite              |       |       |       |       |       |    43 |   244 |   142 |   223 ||   652
       Demon blade       |       |       |       |       |       |       |   505 |   760 |  1058 ||  2323
 Fire: Hunting sling     |       |       |       |   257 |   402 |   383 |    29 |   367 |   250 ||  1688
Throw: Dart              |     2 |       |       |       |       |       |       |       |       ||     2
 Cast: Leda's Liquefacti |       |       |       |       |       |       |       |       |     1 ||     1
Invok: Recall Ancestor   |     1 |     2 |     2 |     4 |     2 |     4 |       |     3 |     7 ||    25
       Ancestor Life: Ba |     1 |       |       |       |       |       |       |       |       ||     1
Evoke: Box of beasts     |       |       |       |       |       |     1 |     1 |       |       ||     2
       Lightning rod     |       |       |       |       |       |       |       |     2 |       ||     2
  Use: Scroll            |     5 |     1 |     8 |     6 |    11 |     6 |    14 |     6 |     5 ||    62
       Potion            |       |       |       |     1 |     2 |     4 |     9 |     8 |     9 ||    33
 Stab: Distracted        |       |       |     1 |     1 |     5 |    18 |    16 |    15 |    19 ||    75
       Paralysed         |       |       |       |       |       |       |       |       |     2 ||     2
Armor: Scale mail        |    54 |    12 |    13 |       |       |       |       |       |       ||    79
       Chain mail        |       |       |   126 |   122 |   355 |   579 |   412 |   441 |   432 ||  2467
Dodge: Dodged            |    35 |    11 |    76 |    72 |   141 |   157 |   163 |   261 |   291 ||  1207
Block: Buckler           |    31 |     6 |    44 |    50 |   191 |       |       |       |       ||   322
       Reflection        |       |       |       |       |    32 |    99 |    59 |       |    19 ||   209
       Tower shield      |       |       |       |       |   164 |  1302 |  1058 |   836 |   850 ||  4210

Table legend: (Time is in decaauts)
 A = Elapsed time spent in this place.
 B = Non-inter-level travel time spent in this place.
 C = Inter-level travel time spent in this place.
 D = Time resting spent in this place.
 E = Time spent auto-exploring this place.
 F = Levels seen in this place.
 G = Mean time per level.
                   A        B        C        D        E       F      G
               +--------+--------+--------+--------+--------+-----+--------+
         Total |  78235 |  71004 |   7231 |  14185 |  41415 |  60 | 1303.9 |
       Dungeon |  14568 |  12441 |   2127 |   1025 |   8880 |  15 |  971.2 |
          Lair |  11095 |   9426 |   1669 |   1532 |   6483 |   6 | 1849.2 |
        Shoals |   5219 |   4967 |    252 |   1000 |   2878 |   4 | 1304.8 |
   Spider Nest |   7034 |   6619 |    415 |   1648 |   3451 |   4 | 1758.5 |
    Slime Pits |   4108 |   3938 |    170 |   1381 |   1414 |   5 |  821.6 |
  Orcish Mines |   3107 |   2794 |    313 |   1188 |   1070 |   2 | 1553.5 |
   Elven Halls |   4106 |   3774 |    332 |    630 |   2137 |   3 | 1368.7 |
        Vaults |  10716 |   9388 |   1328 |   2316 |   4907 |   5 | 2143.2 |
         Crypt |   3143 |   3039 |    104 |    283 |   1988 |   3 | 1047.7 |
        Depths |   5822 |   5598 |    224 |    757 |   3650 |   4 | 1455.5 |
           Zot |   7530 |   7237 |    293 |   2158 |   3645 |   5 | 1506.0 |
         Sewer |    311 |    311 |      0 |      0 |    222 |   1 |  311.0 |
        Bailey |    248 |    248 |      0 |      0 |    148 |   1 |  248.0 |
      Ice Cave |    607 |    607 |      0 |     30 |    366 |   1 |  607.0 |
      Gauntlet |    614 |    614 |      0 |    233 |    173 |   1 |  614.0 |
               +--------+--------+--------+--------+--------+-----+--------+

Top non-repeatable levels by time:
  Lair:3: 2863 daAuts
  Lair:6: 2626 daAuts
Vaults:5: 2611 daAuts
Vaults:2: 2237 daAuts
Vaults:3: 2236 daAuts
Spider:3: 2189 daAuts
   Zot:5: 2083 daAuts
  Lair:2: 2035 daAuts
   Orc:2: 1932 daAuts
Vaults:4: 1888 daAuts
Spider:4: 1858 daAuts
Spider:2: 1784 daAuts
Vaults:1: 1743 daAuts
Depths:3: 1721 daAuts
     D:7: 1625 daAuts
